 Dungeon Crawl Stone Soup version 0.32-a0-876-gcfddb08e57 (webtiles) character file.

Game seed: 13282228348778039993

235 smashvw the Poker (level 6, -3/48 HPs)
             Began as a Merfolk Gladiator on Apr 2, 2024.
             Slain by a gnoll
             ... wielding a +0 spear
              (9 damage)
             ... on level 3 of the Dungeon.
             The game lasted 00:05:40 (1885 turns).

smashvw the Poker (Merfolk Gladiator)               Turns: 1885, Time: 00:05:40

Health: -3/48      AC:  5    Str: 17    XL:     6   Next: 6%
Magic:  6/6        EV: 13    Int:  7    God:
Gold:   230        SH:  0    Dex: 15    Spells: 5/5 levels left

rFire   . . .        a - +0 trident
rCold   . . .        (no shield)
rNeg    . . .        b - +0 leather armour
rPois   .            c - +0 helmet
rElec   .            (no cloak)
rCorr   .            (no gloves)
SInv    .            g - +0 pair of boots
Will    .....        (no amulet)
Stlth   +            (no ring)
HPRegen 0.28/turn    (no ring)
MPRegen 0.10/turn

%: no passive effects
@: no status effects
A: (nimble swimmer 2), mertail
a: no special abilities


You were on level 3 of the Dungeon.
You visited 1 branch of the dungeon, and saw 3 of its levels.

You collected 230 gold pieces.

Inventory:

Hand Weapons
 a - a +0 trident (weapon)
Missiles
 d - 3 throwing nets (quivered)
 e - a javelin
Armour
 b - a +0 leather armour (worn)
 c - a +0 helmet (worn)
 g - a +0 pair of boots (worn)
Scrolls
 f - 2 scrolls of identify {unknown}
 h - a scroll of enchant weapon {unknown}
 j - a scroll of revelation {unknown}
Potions
 i - 2 potions of heal wounds {unknown}
 k - a potion of brilliance {unknown}
 l - a potion of curing {unknown}


   Skills:
 + Level 4.2 Fighting
 + Level 5.9 Polearms
 - Level 2.0 Throwing
 + Level 5.9 Dodging


You had 5 spell levels left.
You didn't know any spells.
Your spell library contained the following spells:

 Spells                   Type           Power      Damage    Failure   Level
 Freeze                   Ice            0%         1d3       50%         1
 Frozen Ramparts          Ice            0%         1d1       86%         3
 Hailstorm                Conj/Ice       0%         3d5       86%         3


Dungeon Overview and Level Annotations

Branches:
Dungeon (3/15)

Altars:


Innate Abilities, Weirdness & Mutations

((You are very nimble when in or above water. (Stealth+, EV+, Speed+++)))
Your lower body shifts to a powerful aquatic tail in water.


Message History

You are too injured to fight recklessly!
You are too injured to fight recklessly!
You hit the ogre.
The ogre is moderately wounded.
The gnoll hits you from afar with a +0 spear.
The ogre closely misses you.
You hit the ogre.
The ogre is moderately wounded.
The gnoll closely misses you.
You hit the ogre.
The ogre is heavily wounded.
The ogre barely misses you.
The gnoll hits you from afar with a +0 spear.
The gnoll hits you from afar with a +0 spear!
* * * LOW HITPOINT WARNING * * *
You puncture the ogre!
The ogre is almost dead.
The ogre completely misses you. The gnoll closely misses you.
You hit the ogre.
You kill the ogre!
The gnoll hits you from afar with a +0 spear.
* * * LOW HITPOINT WARNING * * *
Your Fighting skill increases to level 4!
You have reached level 6!
Reach: a) +0 trident
Press: ? - help, Dir - move target, f - gnoll
Aim: a gnoll, wielding a +0 spear (about 35% to evade your +0 trident)
You reach to attack!
You closely miss the gnoll. The gnoll misses you.
Reach: a) +0 trident
Press: ? - help, Dir - move target, f/p - gnoll
Aim: a gnoll, wielding a +0 spear (about 35% to evade your +0 trident)
You reach to attack!
You hit the gnoll but do no damage. The gnoll closely misses you.
Reach: a) +0 trident
Press: ? - help, Dir - move target, f/p - gnoll
Aim: a gnoll, wielding a +0 spear (about 35% to evade your +0 trident)
You reach to attack!
You hit the gnoll.
The gnoll is moderately wounded.
The gnoll hits you from afar with a +0 spear!
You die...

##+# ##...## ##.....##
## ##.......## ##.##
#.........####...##.##
+.........'@)g........
#.........####...##.##
#.......## ##......
##.....## .....#
##...## .##### ##'##
.. #.# ## #.# ##.##


You could see a gnoll.

Vanquished Creatures
  An ogre (D:3)
  Natasha (D:3)
  2 gnolls (D:3)
  4 adders
  4 ribbon worms
  A dart slug (D:1)
  6 ball pythons
  4 endoplasms
  5 giant cockroaches
  8 goblins
  5 hobgoblins
  2 quokkas
  4 bats
  A frilled lizard (D:2)
  4 kobolds
  5 rats
57 creatures vanquished.

Notes
Turn   | Place    | Note
-------+----------+-------------------------------------------
     0 | D:1      | smashvw the Merfolk Gladiator began the quest for the Orb.
     0 | D:1      | Reached XP level 1. HP: 16/16 MP: 1/1
   209 | D:1      | Reached XP level 2. HP: 23/23 MP: 2/2
   579 | D:1      | Reached XP level 3. HP: 28/28 MP: 3/3
   967 | D:2      | Reached XP level 4. HP: 33/35 MP: 4/4
  1050 | D:2      | Reached skill level 5 in Polearms
  1069 | D:2      | Reached skill level 5 in Dodging
  1743 | D:3      | Noticed Natasha
  1756 | D:3      | Killed Natasha
  1757 | D:3      | Reached XP level 5. HP: 42/42 MP: 5/5
  1866 | D:3      | Noticed an ogre
  1882 | D:3      | Killed an ogre
  1883 | D:3      | Reached XP level 6. HP: 5/48 MP: 6/6
  1885 | D:3      | Slain by a gnoll

Illustrated notes

Levels and vault maps discovered:
D:1:      eino_arrival_tree_alley, layout_loops_cross
D:2:      layout_loops_ring, chequers_hall_statues_corner_a
D:3:      layout_loops_corners, eat_drink_and_be_merry_uskayaw, uniq_natasha

Skill      XL: |  1  2  3  4  5 |
---------------+----------------+-----
Fighting       | 3 4 |  4.2
Polearms       | 5 |  5.9
Dodging        | 5 |  5.9
Throwing       | |  2.0

Action                     |  1- 3 |  4- 6 || total
---------------------------+-------+-------++-------
  Melee: Trident           |   108 |    83 ||   191
   Stab: Sleeping          |     2 |     3 ||     5
 Armour: Leather armour    |    51 |    25 ||    76
  Dodge: Dodged            |    61 |    35 ||    96

Table legend: (Time is in decaauts)
 A = Elapsed time spent in this place.
 B = Non-inter-level travel time spent in this place.
 C = Inter-level travel time spent in this place.
 D = Time resting spent in this place.
 E = Time spent auto-exploring this place.
 F = Levels seen in this place.
 G = Mean time per level.
                   A        B        C        D        E       F      G
               +--------+--------+--------+--------+--------+-----+--------+
         Total |   1896 |   1836 |     60 |     68 |   1403 |   3 |  632.0 |
       Dungeon |   1896 |   1836 |     60 |     68 |   1403 |   3 |  632.0 |
               +--------+--------+--------+--------+--------+-----+--------+

Top non-repeatable levels by time:
     D:2: 745 daAuts
     D:1: 743 daAuts
     D:3: 407 daAuts
